 Dungeon Crawl Stone Soup version 0.22-b1-26-g9dbaab1 (webtiles) character file.

24659 glosham the Basher (level 12, -4/97 HPs)
             Began as a Mummy Monk on Aug 8, 2018.
             Was a High Priest of Cheibriados.
             Slain by grocchini's ghost (17 damage)
             ... on level 3 of the Lair of Beasts.
             The game lasted 02:52:18 (14077 turns).

glosham the Basher (Mummy Monk)                    Turns: 14077, Time: 02:52:19

Health: -4/97      AC: 14    Str: 28    XL:     12   Next: 82%
Magic:  0/17       EV: 15    Int: 32    God:    Cheibriados [*****.]
Gold:   880        SH:  0    Dex: 31    Spells: 3/11 levels left

rFire    + + +     SeeInvis .   a - +8 great mace of Ganieloss {venom, Dex+4}
rCold    . . .     Gourm    .   (shield currently unavailable)
rNeg     + + +     Faith    .   X - +1 fire dragon scales
rPois    ∞         Spirit   +   U - +2 hat
rElec    .         Reflect  .   Y - +0 cloak
rCorr    .         Harm     .   V - +0 pair of gloves
MR       +....                  (no boots)
Stlth    +.........             z - amulet of Psychosis {Spirit rF++ Int+5}
HPRegen  0.26/turn              A - ring of wizardry
MPRegen  0.15/turn              (no ring)

@: liquid flames, about to teleport, glowing, very slow
A: no food or potions, fire vulnerability, cold resistance 1, negative energy
resistance 3, torment resistance, unbreathing
a: Bend Time, Temporal Distortion, Slouch, Step From Time, Renounce Religion


You were on level 3 of the Lair of Beasts.
You worshipped Cheibriados.
Cheibriados was extremely pleased with you.
You were not hungry.

You visited 2 branches of the dungeon, and saw 14 of its levels.
You also visited: Ossuary.

You collected 880 gold pieces.

Inventory:

Hand Weapons
 a - the +8 great mace of Ganieloss (weapon) {venom, Dex+4}
   (You acquired it on level 11 of the Dungeon)

   It poisons the flesh of those it strikes.
   It affects your dexterity (+4).
 b - a +4 trident of piercing
 c - a +0 blowgun
Missiles
 e - 3 javelins
 i - 10 tomahawks
 m - 44 poisoned needles
 s - 63 sling bullets
 u - 302 arrows
 x - 4 silver javelins (quivered)
 y - 114 bolts
 B - 9 curare-tipped needles
Armour
 R - a +0 troll leather armour
 U - a +2 hat (worn)
 V - a +0 pair of gloves (worn)
 X - +1 fire dragon scales (worn)
 Y - a +0 cloak (worn)
Magical Staves
 h - an uncursed staff of energy {!a}
Jewellery
 z - the amulet of Psychosis (around neck) {Spirit rF++ Int+5}
   (You found it on level 2 of the Lair of Beasts)

   [amulet of guardian spirit]

   It causes incoming damage to be split between your health and magic.
   It affects your intelligence (+5).
   It greatly protects you from fire.
 A - a ring of wizardry (left hand)
Wands
 f - a wand of paralysis (15)
 g - a wand of digging (15)
 j - a wand of enslavement (50)
 q - a wand of iceblast (9)
Scrolls
 k - 3 scrolls of teleportation
 l - 2 scrolls of blinking
 n - a scroll of fear
 o - a scroll of remove curse
 p - 2 scrolls of identify
 r - 2 scrolls of enchant weapon
 t - a scroll of amnesia
Miscellaneous
 d - 2 boxes of beasts


   Skills:
 - Level 10.2 Fighting
 * Level 13.1 Maces & Flails
 - Level 4.3 Armour
 - Level 5.3 Dodging
 - Level 1.5 Stealth
 - Level 6.9 Invocations
 - Level 3.7 Evocations


You had 3 spell levels left.
You knew the following spells:

 Your Spells              Type           Power        Failure   Level  Hunger
b - Blink                 Tloc           N/A          12%         2    N/A
m - Mephitic Cloud        Conj/Pois/Air  #.......     24%         3    N/A
z - Shock                 Conj/Air       #...         9%          1    N/A
R - Corpse Rot            Necr           N/A          12%         2    N/A

Your spell library contained the following spells:

 Spells                   Type           Power        Failure   Level  Hunger
 Magic Dart               Conj           #...         9%          1    N/A
 Conjure Flame            Conj/Fire      #.......     24%         3    N/A
 Lightning Bolt           Conj/Air       #.........   89%         5    N/A
 Slow                     Hex            #.......     12%         2    N/A
 Summon Small Mammal      Summ           #...         9%          1    N/A
 Summon Ice Beast         Ice/Summ       #.......     58%         4    N/A
 Call Imp                 Summ           #.......     12%         2    N/A
 Stone Arrow              Conj/Erth      #.....       24%         3    N/A
 Swiftness                Chrm/Air       #.......     12%         2    N/A
 Airstrike                Air            #.........   58%         4    N/A
 Call Canine Familiar     Summ           #.......     24%         3    N/A
 Static Discharge         Conj/Air       #.......     24%         3    N/A
 Leda's Liquefaction      Hex/Erth       #.........   58%         4    N/A
 Summon Hydra             Summ           #.........   100%        7    N/A
 Summon Forest            Summ/Tloc      #.........   89%         5    N/A
 Summon Lightning Spire   Summ/Air       #.......     58%         4    N/A
 Summon Guardian Golem    Hex/Summ       #.......     24%         3    N/A
 Hydra Form               Tmut           #.........   100%        6    N/A

Dungeon Overview and Level Annotations

Branches:
Dungeon (11/15)            Temple (0/1) D:7            Lair (3/6) D:11
    Orc (0/2) D:11
  Swamp: Lair:2-4    Shoals: Lair:2-4     Snake: Lair:2-4    Spider: Lair:2-4

Altars:
Ashenzari
Cheibriados
Wu Jian
Jiyva

Annotations:
Lair:3 grocchini's ghost, journeyman GrEE


Innate Abilities, Weirdness & Mutations

You do not eat or drink.
Your flesh is vulnerable to fire.
You are immune to poison.
Your flesh is cold resistant. (rC+)
You are immune to negative energy. (rN+++)
You are immune to unholy pain and torment.
You can survive without breathing.


Message History

The slime creature hits you. The slime creature misses you.
You bludgeon the slime creature!!
You kill the slime creature!
Cheibriados appreciates the change of pace.
You are covered in liquid flames!
Grocchini's ghost misses you. The slime creature hits you!
You sock the slime creature!
The slime creature is almost dead.
You are covered in liquid flames!
Grocchini's ghost hits you! The slime creature hits you.
You bludgeon the slime creature!!
You kill the slime creature!
Cheibriados appreciates the change of pace.
You are covered in liquid flames!
Grocchini's ghost threatens, "I'm fresh out of hellfire, but you will end anyway."
Grocchini's ghost hits you but does no damage.
You hit grocchini's ghost but do no damage.
Grocchini's ghost is heavily damaged.
You are covered in liquid flames!
Grocchini's ghost sprays you with burning goo.
The sticky flame hits you! You resist.
You are covered in liquid flames!
You miss grocchini's ghost.
Grocchini's ghost is heavily damaged.
You are covered in liquid flames!
Grocchini's ghost hits you!
* * * LOW HITPOINT WARNING * * *
You closely miss grocchini's ghost.
Grocchini's ghost is heavily damaged.
You are covered in liquid flames!
Grocchini's ghost barely misses you.
You don't have enough magic at the moment.
As you read the scroll of teleportation, it crumbles to dust.
You feel strangely unstable.
You are covered in liquid flames!
* * * LOW HITPOINT WARNING * * *
Grocchini's ghost hits you!
* * * LOW HITPOINT WARNING * * *
You are electrocuted!
You die...

##.........## ##...........#
####### ............## ##......##
...........P# ####.........
.........#.P# .#.........##
...........## ##...........#
.........#..# ###P...........#
........#..P#.##............>#
...........###..@W...........#
P......#...P.#.##'''##.......##
#......##.....##.....##......P#
##...P#.......#.......#......##
#....P...##..#.......#.....### #
##....P...##.##.......#....#..###
#P...#..###.####..!%.##........##
####P#..##### ##[_:##..#........
####.P# ##..#.......


You could see grocchini's ghost.

Vanquished Creatures
  Gastronok (Lair:2)
  A death ooze (Lair:3)
  A hydra (Lair:1)
  Sonja (D:10)
  An unseen horror (D:10)
  The ghost of Lew the Skirmisher, a novice DsMo of Cheibriados (D:6)
  A cyclops (D:11)
  A black mamba (Lair:2)
  5 spiny frogs (Lair:1)
  3 komodo dragons
  2 trolls (D:11)
  2 hornets (D:11)
  2 hippogriffs
  Prince Ribbit (D:6)
  2 slime creatures (Lair:3)
  A basilisk (Lair:3)
  Eustachio (D:6)
  40 yaks
  2 hungry ghosts
  3 soldier ants
  5 water moccasins
  4 porcupines
  A black bear (Lair:1)
  7 ice beasts
  A hornet zombie (D:6)
  2 phantoms
  An eye of draining (D:10)
  7 orc warriors
  6 ogres
  2 necrophages (D:8)
  6 wolves (Lair:2)
  2 centaurs
  7 crocodiles
  The ghost of adept the Shield-Bearer, an amateur GrFi (D:4)
  3 big kobolds
  4 bullfrogs
  4 gnoll sergeants (D:11)
  4 water moccasin zombies (Ossuary)
  5 scorpions
  5 killer bees (D:10)
  9 wights
  An electric eel (Lair:1)
  3 howler monkeys
  A bullfrog zombie (D:7)
  7 crimson imps
  A centaur zombie (D:11)
  5 jellies
  7 orc priests
  Crazy Yiuf (D:7)
  3 hounds
  8 orc wizards
  3 bullfrog skeletons
  An iguana (D:10)
  9 worker ants
  3 big kobold zombies (Ossuary)
  A bullfrog simulacrum (D:4)
  2 mummies (Ossuary)
  A hound skeleton (D:8)
  2 worker ant zombies
  A howler monkey zombie (D:9)
  17 gnolls
  A howler monkey skeleton (D:4)
  11 adders
  3 shadow imps
  A worker ant simulacrum (D:4)
  2 oozes
  3 adder skeletons
  5 adder zombies
  2 worms
  8 leopard geckos
  57 orcs
  5 bats
  4 giant cockroaches
  2 gnoll zombies (Ossuary)
  8 goblins
  10 hobgoblins
  13 jackals
  17 kobolds
  8 quokkas
  A ball python (D:2)
  4 frilled lizards
  A giant cockroach simulacrum (D:4)
  7 hobgoblin zombies (Ossuary)
  A jackal skeleton (D:5)
  7 kobold zombies (Ossuary)
  3 orc zombies (Ossuary)
  2 quokka simulacra (D:4)
  A quokka skeleton (D:5)
  A quokka zombie (D:4)
  8 rats
  A rat zombie (D:4)
432 creatures vanquished.

Vanquished Creatures (collateral kills)
  A hydra (Lair:2)
  A yak (Lair:1)
2 creatures vanquished.

Vanquished Creatures (others)
  An electric eel (Lair:1)
  An orc (D:8)
  A fungus (Lair:3)
3 creatures vanquished.

Grand Total: 437 creatures vanquished

Notes
Turn   | Place    | Note
-------+----------+-------------------------------------------
     0 | D:1      | glosham the Mummy Monk began the quest for the Orb.
     0 | D:1      | Reached XP level 1. HP: 18/18 MP: 1/1
   223 | D:1      | Reached XP level 2. HP: 19/24 MP: 2/2
   303 | D:1      | Found a snail-covered altar of Cheibriados.
   311 | D:1      | Became a worshipper of Cheibriados the Contemplative
   311 | D:1      | Reached * piety under Cheibriados
   311 | D:1      | Reached ** piety under Cheibriados
   522 | D:1      | You fall through a shaft!
   530 | D:2      | Reached skill level 4 in Fighting
   569 | D:2      | Reached XP level 3. HP: 24/30 MP: 3/3
  1045 | D:2      | Reached XP level 4. HP: 38/38 MP: 4/4
  1173 | D:2      | Reached skill level 5 in Fighting
  1173 | D:2      | Reached skill level 3 in Maces & Flails
  1535 | D:2      | Reached *** piety under Cheibriados
  1535 | D:2      | Reached XP level 5. HP: 37/44 MP: 5/5
  1720 | D:3      | Found an ornate altar of the Wu Jian Council.
  2099 | D:3      | Found a shattered altar of Ashenzari.
  2265 | D:3      | Reached **** piety under Cheibriados
  2364 | D:4      | Found a runed gate.
  2365 | D:4      | Found a runed gate.
  2365 | D:4      | Found a runed gate.
  2376 | D:4      | Reached skill level 4 in Maces & Flails
  2407 | D:4      | Noticed an ogre
  2411 | D:4      | Reached skill level 1 in Armour
  2413 | D:4      | Killed an ogre
  2413 | D:4      | Reached XP level 6. HP: 29/51 MP: 0/6
  2524 | D:4      | Found a sand-covered staircase.
  2541 | Ossuary  | Entered an ossuary
  2567 | Ossuary  | Reached skill level 1 in Invocations
  2584 | Ossuary  | Reached XP level 7. HP: 36/56 MP: 7/7
  2587 | Ossuary  | Reached skill level 5 in Maces & Flails
  2811 | Ossuary  | Reached skill level 2 in Invocations
  3145 | D:4      | Noticed adept's ghost (amateur GrFi)
  3288 | D:4      | Learned a level 1 spell: Shock
  3601 | D:4      | Killed adept's ghost
  3601 | D:4      | Reached skill level 6 in Fighting
  3601 | D:4      | Reached XP level 8. HP: 41/64 MP: 3/10
  3728 | D:4      | Reached skill level 6 in Maces & Flails
  3787 | D:5      | Entered Level 5 of the Dungeon
  3799 | D:5      | Reached skill level 3 in Invocations
  4163 | D:5      | Reached ***** piety under Cheibriados
  4176 | D:5      | Reached skill level 4 in Invocations
  4475 | D:6      | Noticed Eustachio
  4877 | D:6      | Killed Eustachio
  4877 | D:6      | Reached skill level 2 in Armour
  4940 | D:6      | Noticed Prince Ribbit
  4955 | D:6      | Killed Prince Ribbit
  4955 | D:6      | Reached skill level 3 in Dodging
  5270 | D:6      | Reached XP level 9. HP: 71/71 MP: 12/12
  5292 | D:6      | Reached skill level 5 in Invocations
  5299 | D:6      | Reached skill level 7 in Fighting
  5374 | D:6      | Found a large runed door.
  5374 | D:6      | Found a large runed door.
  5436 | D:6      | Noticed Lew's ghost (novice DsMo)
  5458 | D:6      | Killed Lew's ghost
  5458 | D:6      | Reached skill level 7 in Maces & Flails
  5959 | D:7      | Found a staircase to the Ecumenical Temple.
  6338 | D:7      | Found a runed door.
  6342 | D:7      | Noticed Crazy Yiuf
  6346 | D:7      | Killed Crazy Yiuf
  6707 | D:8      | Reached skill level 8 in Fighting
  6708 | D:8      | Reached skill level 1 in Evocations
  6926 | D:8      | Reached skill level 4 in Dodging
  7010 | D:8      | Reached XP level 10. HP: 43/82 MP: 8/14
  7532 | D:9      | Reached skill level 2 in Evocations
  7532 | D:9      | Reached skill level 6 in Invocations
  7535 | D:9      | Reached skill level 8 in Maces & Flails
  7552 | D:9      | Reached skill level 3 in Armour
  8381 | D:10     | Entered Level 10 of the Dungeon
  8467 | D:10     | Reached skill level 9 in Fighting
  8518 | D:10     | Reached ****** piety under Cheibriados
  9284 | D:10     | Killed an unseen horror
  9384 | D:10     | Reached skill level 3 in Evocations
  9449 | D:10     | Noticed Sonja
  9452 | D:10     | Killed Sonja
  9452 | D:10     | Reached XP level 11. HP: 82/89 MP: 15/15
  9710 | D:11     | Found a staircase to the Lair.
  9713 | D:11     | Reached skill level 5 in Dodging
 10109 | D:11     | Found a staircase to the Orcish Mines.
 10112 | D:11     | Reached skill level 4 in Armour
 10112 | D:11     | Reached skill level 9 in Maces & Flails
 10112 | D:11     | Reached skill level 10 in Fighting
 10351 | D:11     | HP: 1/90 [troll (9)]
 10848 | D:11     | Learned a level 2 spell: Blink
 10852 | D:11     | Learned a level 3 spell: Mephitic Cloud
 10956 | D:11     | Identified a scroll of acquirement
 10957 | D:11     | Got a warped great mace
 10958 | D:11     | Identified the +8 great mace of Ganieloss {venom, Dex+4} (You acquired it on level 11 of the Dungeon)
 11178 | Lair:1   | Entered Level 1 of the Lair of Beasts
 11378 | Lair:1   | Reached skill level 10 in Maces & Flails
 11665 | Lair:1   | Noticed an eight-headed hydra
 11674 | Lair:1   | HP: 8/91 [eight-headed hydra (7)]
 11675 | Lair:1   | Killed an eight-headed hydra
 12096 | Lair:1   | Reached XP level 12. HP: 97/97 MP: 17/17
 12305 | Lair:2   | Noticed Gastronok
 12323 | Lair:2   | Killed Gastronok
 12323 | Lair:2   | Reached skill level 11 in Maces & Flails
 12486 | Lair:2   | Learned a level 2 spell: Corpse Rot
 12496 | Lair:2   | Noticed an eight-headed hydra
 12503 | Lair:2   | Killed an eight-headed hydra
 12870 | Lair:2   | Reached skill level 12 in Maces & Flails
 13049 | Lair:2   | Identified the amulet of Psychosis {Spirit rF++ Int+5} (You found it on level 2 of the Lair of Beasts)
 13623 | Lair:3   | Found a runed gate.
 14059 | Lair:3   | Found a runed gate.
 14061 | Lair:3   | Found a runed gate.
 14061 | Lair:3   | Found a viscous altar of Jiyva.
 14061 | Lair:3   | Noticed grocchini's ghost (journeyman GrEE)
 14061 | Lair:3   | Noticed a death ooze
 14070 | Lair:3   | Killed a death ooze
 14070 | Lair:3   | Reached skill level 13 in Maces & Flails
 14077 | Lair:3   | Slain by grocchini's ghost

Skill      XL: |  1  2  3  4  5  6  7  8  9 10 11 12 |
---------------+-------------------------------------+-----
Fighting       | 4 5 6 8 9 10 | 10.2
Maces & Flails | 3 4 5 6 7 8 10 13 | 13.1
Armour         | 1 2 3 4 |  4.3
Invocations    | 1 2 4 5 6 |  6.9
Dodging        | 3 4 5 |  5.3
Evocations     | 1 3 |  3.7
Stealth        | |  1.5

Action                   |  1- 3 |  4- 6 |  7- 9 | 10-12 || total
-------------------------+-------+-------+-------+-------++-------
Melee: Mace              |    64 |       |       |       ||    64
       Flail             |     5 |   211 |   464 |   402 ||  1082
       Great mace        |       |       |       |   201 ||   201
       Dire flail        |       |       |       |    15 ||    15
 Fire: Blowgun           |       |       |       |     2 ||     2
Throw: Javelin           |       |     3 |     3 |    10 ||    16
       Throwing net      |       |     1 |       |       ||     1
 Cast: Shock             |       |       |     3 |    13 ||    16
Invok: Slouch            |       |     1 |     6 |    10 ||    17
Evoke: Wand              |       |       |     4 |    11 ||    15
       Box of beasts     |       |       |       |     3 ||     3
  Use: Scroll            |     1 |     5 |     9 |    13 ||    28
 Stab: Sleeping          |     1 |     2 |       |     1 ||     4
       Held in net/web   |       |     1 |       |       ||     1
       Confused          |       |       |     2 |       ||     2
       Distracted        |       |       |       |     2 ||     2
Armor: Robe              |     3 |       |       |       ||     3
       Leather armour    |     5 |       |       |       ||     5
       Ring mail         |     5 |    27 |       |       ||    32
       Fire dragon scale |       |    33 |   183 |   206 ||   422
Dodge: Dodged            |    47 |   120 |   295 |   402 ||   864

Table legend:
 A = Turns spent in this place as a percentage of turns spent in the entire game.
 B = Non-inter-level travel turns spent in this place as a percentage of non-inter-level travel turns spent in the entire game.
 C = Inter-level travel turns spent in this place as a percentage of turns spent in this place.
 D = Turns resting spent in this place as a percentage of non-inter-level travel turns spent in this place.
 E = Turns spent auto-exploring this place as a percentage of non-inter-level travel turns spent in this place.
 F = Non-inter-level travel turns spent in this place divided by the number of levels of this place that you've seen.
                   A       B       C       D       E      F
               +-------+-------+-------+-------+-------+----------------------
         Total | 100.0 | 100.0 |   7.2 |  23.8 |   1.8 | 871.1
       Dungeon |  75.6 |  74.8 |   8.2 |  20.9 |   1.5 | 888.3
          Lair |  20.3 |  20.8 |   4.8 |  32.5 |   3.4 | 907.7
       Ossuary |   4.1 |   4.4 |   0.0 |  32.3 |   0.0 | 572.0
               +-------+-------+-------+-------+-------+----------------------

Table legend:
 A = Kills in this place as a percentage of kills in entire the game.
 B = Kills by you in this place as a percentage of kills by you in the entire game.
 C = Kills by friends in this place as a percentage of kills by friends in the entire game.
 D = Other kills in this place as a percentage of other kills in the entire game.
 E = Experience gained in this place as a percentage of experience gained in the entire game.
 F = Experience gained in this place divided by the number of levels of this place that you have seen.
                   A       B       C       D       E      F
               +-------+-------+-------+-------+-------+----------------------
         Total | 100.0 | 100.0 | 100.0 | 100.0 | 100.0 | 2348.5
       Dungeon |  76.3 |  76.6 |   0.0 | 100.0 |  48.1 | 1540.3
          Lair |  16.4 |  16.0 | 100.0 |   0.0 |  50.5 | 5935.7
       Ossuary |   7.4 |   7.4 |   0.0 |   0.0 |   1.4 | 478.0
               +-------+-------+-------+-------+-------+----------------------

Vault maps used:
D:1:      saegor_arrival_simple_d, cheibriados_altar_1
D:3:      nicolae_overflow_hidden_temple, eino_tiny_chamber,
          nicolae_ashenzari_panopticon
D:4:      first_ration, gammafunk_ghost_icy, enter_ossuary_3
D:6:      ebering_ghost_disaster_area, uniq_prince_ribbit1, uniq_eustachio
D:7:      lemuel_temple_firewalk_a, uniq_crazy_yiuf_cottage
D:9:      corexii_leaking_fountain
D:10:     uniq_sonja
D:11:     lair_entry_dummy, kennysheep_orc_monster_closet_entryway,
          hangedman_pestilent_swarm
Lair:1:   serial_bayou_shore_a, infiniplex_staircase_pool
Lair:2:   nicolae_lair_grove_arrangements, beast_lair_carwin_11,
          grunt_megastairs_5, uniq_gastronok
Lair:3:   gammafunk_ghost_ooze, beast_lair_carwin_4
Ossuary:  ossuary_tomb_2
